 Dungeon Crawl Stone Soup version 0.31.0-12-g77e489cdc1 (webtiles) character file.

Game seed: 16968265756513231588

6831 Faeranduil the Thaumaturge (level 10, 0/44 HPs)
             Began as a Spriggan Enchanter on Feb 25, 2024.
             Was a Follower of Vehumet.
             Slain by Grum
             ... wielding a +0 spear of distortion
              (15 damage)
             ... on level 9 of the Dungeon on Feb 26, 2024.
             The game lasted 00:38:20 (11765 turns).

Faeranduil the Thaumaturge (Spriggan Enchanter)    Turns: 11765, Time: 00:38:21

Health: 0/44       AC:  6    Str: 10    XL:     10   Next: 77%
Magic:  23/26      EV: 17    Int: 21    God:    Vehumet [*.....]
Gold:   917        SH:  0    Dex: 16    Spells: 23/32 levels left

rFire   . . .        m - +7 dagger (speed)
rCold   . . .        (no shield)
rNeg    + . .        A - +0 steam dragon scales
rPois   .            (helmet restricted)
rElec   .            D - +0 cloak
rCorr   .            (gloves unavailable)
SInv    +            (boots unavailable)
Will    +....        b - amulet of magic regeneration
Stlth   ++++         i - +6 ring of strength
HPRegen 0.27/turn    F - ring of positive energy
MPRegen 0.60/turn

%: no passive effects
@: very quick
A: very small, no large weapons, unfitting armour, see invisible, speed 3
a: Renounce Religion


You were on level 9 of the Dungeon.
You worshipped Vehumet.
Vehumet was aware of your devotion.
You visited 2 branches of the dungeon, and saw 10 of its levels.

You collected 917 gold pieces.

Inventory:

Hand Weapons
 m - a +7 dagger of speed (weapon)
Missiles
 o - 24 poisoned darts (quivered)
 I - a throwing net
Armour
 A - +0 steam dragon scales (worn)
 D - a +0 cloak (worn)
Jewellery
 b - an amulet of magic regeneration (around neck)
 i - a +6 ring of strength (left hand)
 t - a ring of ice
 F - a ring of positive energy (right hand)
 L - a +6 ring of strength
Wands
 E - a wand of flame (62)
 H - a wand of quicksilver (3)
Scrolls
 d - 3 scrolls of teleportation
 f - a scroll of silence {unknown}
 g - a scroll of fear {unknown}
 h - a scroll of immolation {unknown}
 p - 2 scrolls of noise
 r - a scroll of poison {unknown}
 s - 2 scrolls of brand weapon {unknown}
 u - 2 scrolls of fog {unknown}
 x - 3 scrolls of blinking
 y - 2 scrolls of revelation {unknown}
 G - a scroll of amnesia {unknown}
Potions
 a - 3 potions of resistance
 c - 2 potions of invisibility
 e - 4 potions of curing
 j - 5 potions of brilliance
 k - a potion of cancellation {unknown}
 l - 7 potions of attraction
 n - 2 potions of enlightenment
 q - a potion of mutation {unknown}
 v - 2 potions of lignification
 w - a potion of heal wounds {unknown}
 z - a potion of haste {unknown}
 B - a potion of magic {unknown}
 C - 2 potions of might {unknown}
 J - a potion of ambrosia {unknown}


   Skills:
 - Level 10.0 Short Blades
 - Level 2.6 Dodging
 - Level 10.0 Stealth
 + Level 11.6 Spellcasting
 - Level 4.0 Hexes
 + Level 3.1 Fire Magic
 - Level 6.0 Ice Magic


You had 23 spell levels left.
You knew the following spells:

 Your Spells              Type           Power      Damage    Failure   Level
a - Foxfire               Conj/Fire      72%        2x1d7     3%          1
b - Ensorcelled Hibernat  Hex/Ice        66%        N/A       1%          2
c - Tukima's Dance        Hex            29%        N/A       3%          3
d - Frozen Ramparts       Ice            74%        1d12      1%          3

Your spell library contained the following spells:

 Spells                   Type           Power      Damage    Failure   Level
 Freeze                   Ice            100%       1d10      1%          1
 Confusing Touch          Hex            29%        N/A       3%          3
 Hailstorm                Conj/Ice       24%        3d7       4%          3
 Dazzling Flash           Conj/Hex       40%        N/A       8%          3
 Call Imp                 Summ           24%        N/A       9%          2
 Cigotuvi's Dreadful Rot  Necr/Alch/Air  24%        N/A       9%          2
 Sublimation of Blood     Necr           12%        N/A       9%          2
 Mephitic Cloud           Conj/Alch/Air  12%        N/A       17%         3
 Dispel Undead            Necr           12%        3d9       50%         4
 Martyr's Knell           Necr/Summ      12%        N/A       50%         4
 Silence                  Hex/Air        10%        N/A       56%         5
 Curse of Agony           Necr           12%        N/A       83%         5
 Death Channel            Necr           6%         N/A       100%        6
 Summon Hydra             Summ           6%         N/A       100%        7


Dungeon Overview and Level Annotations

Branches:
Dungeon (9/15)             Temple (1/1) D:5            Lair (0/5) D:8
    Orc: D:9-12

Altars:
Ashenzari
Dithmenos
Elyvilon
Fedhas
Gozag
Hepliaklqana
Kikubaaqudgha
Nemelex Xobeh
Okawaru
Ru
Sif Muna
Trog
Uskayaw
Vehumet
Wu Jian
Yredelemnul
Zin
The Shining One

Shops:
D:2 [   D:5 (

Annotations:
D:4 Menkaure
D:6 exclusion: oklob plant
D:8 Amaemon
D:9 Erolcha, Grum


Innate Abilities, Weirdness & Mutations

You are very small and have problems with some larger weapons.
You are too small for most types of armour.
You have supernaturally acute eyesight. (SInv)
You cover ground extremely quickly. (Speed+++)


Message History

Confirm with . or Enter, or press ? or * to list all spells.
Aiming: Ensorcelled Hibernation (safe; 1% risk of failure)
Press: ? - help, Shift-Dir - straight line, f - wolf
Aim: a wolf (chance to affect: 62%)
The wolf looks drowsy...
The wolf barely misses you. The wolf attacks as it pursues you!
The wolf misses you.
You see here 2 stones.
The wolf attacks as it pursues you! The wolf closely misses you.
There is a stone staircase leading up here.
Casting: Ensorcelled Hibernation (safe; 1% risk of failure)
Confirm with . or Enter, or press ? or * to list all spells.
Aiming: Ensorcelled Hibernation (safe; 1% risk of failure)
Press: ? - help, Shift-Dir - straight line, f - Grum, p - wolf
Aim: Grum, wielding a +0 spear of distortion and wearing a +0 animal skin (chance to affect: 71%)
The wolf is unaffected.
The wolf misses you. The wolf closely misses you.
Casting: Ensorcelled Hibernation (safe; 1% risk of failure)
Confirm with . or Enter, or press ? or * to list all spells.
Aiming: Ensorcelled Hibernation (safe; 1% risk of failure)
Press: ? - help, Shift-Dir - straight line, f/p - Grum
Aim: Grum, wielding a +0 spear of distortion and wearing a +0 animal skin (chance to affect: 71%)
The wolf is unaffected.
The wolf bites you.
Casting: Ensorcelled Hibernation (safe; 1% risk of failure)
Confirm with . or Enter, or press ? or * to list all spells.
Aiming: Ensorcelled Hibernation (safe; 1% risk of failure)
Press: ? - help, Shift-Dir - straight line, f/p - Grum
Aim: Grum, wielding a +0 spear of distortion and wearing a +0 animal skin (chance to affect: 71%)
The wolf is unaffected.
The wolf closely misses you. The wolf bites you!
You miss the wolf. The wolf bites you!
You hit the wolf but do no damage. You hit the wolf.
The wolf is lightly wounded.
The wolf barely misses you.
The wolf howls!
You hit the wolf.
The wolf is lightly wounded.
You hear a bellow!
The wolf bites you! The wolf closely misses you.
Grum hits you from afar with a +0 spear of distortion!
You die...

..###......##................# ##
.) #......###......._..8.._.#
..###.#.#..# #.#.............#
#<.......# #.#h.#.#._..._.#####
###.#....###....#.#†.._........
#...........Y...†#[......####
###.#...##.#.#g##..............
..........##.#..h..†.#########.##
.............#.#@##### .#
####....######.#.# # #..... ###.#
#....... #.# ##....... ###
#.....#.. ###


You could see Grum, a yak and 2 wolves.

Vanquished Creatures
  A boulder beetle (D:8)
  An orange demon (D:8)
  Jeremiah (D:7)
  2 komodo dragons (D:8)
  2 hornets (D:8)
  Prince Ribbit (D:7)
  2 wyverns (D:8)
  4 yaks (D:9)
  A basilisk (D:8)
  A steam dragon (D:6)
  2 orc warriors
  A water moccasin (shapeshifter) (D:8)
  A water moccasin (D:7)
  A black bear (D:4)
  A swamp drake (D:8)
  3 sky beasts
  An ice beast (D:8)
  A centaur (D:4)
  2 phantoms
  A kobold brigand (D:8)
  8 bullfrogs
  3 scorpions
  6 wights (D:8)
  A killer bee (D:8)
  2 howler monkeys
  2 hounds (D:6)
  4 bombardier beetles
  4 jellies
  2 orc priests
  Crazy Yiuf (D:7)
  3 iguanas
  3 sleepcaps
  Jessica (D:2)
  Natasha (thrice) (D:4)
  6 orc wizards
  8 adders
  4 ufetubi
  A dart slug (D:4)
  3 ribbon worms
  29 orcs
  4 ball pythons
  4 bats
  30 endoplasms
  4 giant cockroaches
  12 goblins
  12 hobgoblins
  3 jackals (D:5)
  5 quokkas
  2 frilled lizards
  9 kobolds
  6 rats
215 creatures vanquished.

Vanquished Creatures (collateral kills)
  A wight (D:8)
1 creature vanquished.

Vanquished Creatures (others)
  A dancing weapon (D:8)
1 creature vanquished.

Grand Total: 217 creatures vanquished

Notes
Turn   | Place    | Note
-------+----------+-------------------------------------------
     0 | D:1      | Faeranduil the Spriggan Enchanter began the quest for the
                  | Orb.
     0 | D:1      | Reached XP level 1. HP: 9/9 MP: 5/5
   445 | D:1      | Reached XP level 2. HP: 13/13 MP: 6/6
   449 | D:1      | Learned a level 2 spell: Ensorcelled Hibernation
   669 | D:1      | Reached skill level 5 in Stealth
   796 | D:1      | Reached skill level 3 in Spellcasting
  1240 | D:1      | Reached XP level 3. HP: 16/16 MP: 5/8
  2049 | D:2      | Found Pagguul's Antique Armour Shop.
  2274 | D:2      | Noticed Jessica
  2296 | D:2      | Killed Jessica
  2297 | D:2      | Reached XP level 4. HP: 21/21 MP: 7/10
  2931 | D:3      | Reached XP level 5. HP: 24/24 MP: 4/11
  3472 | D:4      | Reached skill level 1 in Ice Magic
  3526 | D:4      | Noticed a centaur
  3549 | D:4      | Killed a centaur
  3550 | D:4      | Reached skill level 4 in Spellcasting
  3580 | D:4      | Noticed Menkaure
  3729 | D:4      | Noticed Natasha
  3763 | D:4      | Killed Natasha
  3825 | D:4      | Reached XP level 6. HP: 28/28 MP: 8/13
  3866 | D:4      | Noticed Natasha
  3878 | D:4      | Killed Natasha
  4371 | D:4      | Noticed Natasha
  4721 | D:4      | Killed Natasha
  4837 | D:4      | Reached XP level 7. HP: 32/32 MP: 15/15
  4988 | D:4      | Reached skill level 5 in Spellcasting
  5257 | D:5      | Entered Level 5 of the Dungeon
  5458 | D:5      | Found Mutoll's Hydra Hut.
  5463 | D:5      | Noticed a five-headed hydra
  6114 | D:5      | Reached skill level 10 in Stealth
  6189 | D:5      | Found a hide-covered altar of Uskayaw.
  6502 | D:5      | Found a staircase to the Ecumenical Temple.
  6511 | Temple   | Entered the Ecumenical Temple
  6625 | D:5      | Reached XP level 8. HP: 36/36 MP: 8/17
  6766 | D:6      | Identified the +7 glaive "Tarhig" {drain, Dex+4}
  6958 | D:6      | Reached skill level 5 in Short Blades
  6958 | D:6      | Reached skill level 6 in Spellcasting
  7503 | D:6      | Noticed an oklob plant
  8045 | D:6      | Found a glowing silver altar of Zin.
  8493 | D:7      | Reached skill level 7 in Spellcasting
  8595 | D:7      | Found a runed translucent door.
  8596 | D:7      | Noticed Crazy Yiuf
  8602 | D:7      | Killed Crazy Yiuf
  8640 | D:7      | Noticed Jeremiah
  8826 | D:7      | Noticed Prince Ribbit
  8831 | D:7      | Killed Prince Ribbit
  8832 | D:7      | Reached XP level 9. HP: 39/39 MP: 19/21
  8836 | D:7      | Learned a level 3 spell: Frozen Ramparts
  8981 | D:7      | Killed Jeremiah
  8982 | D:7      | Reached skill level 8 in Spellcasting
  8982 | D:7      | Reached skill level 5 in Ice Magic
  9320 | D:8      | Noticed an orange demon
  9321 | D:8      | Noticed Amaemon
  9534 | D:8      | Found a radiant altar of Vehumet.
  9542 | D:8      | Became a worshipper of Vehumet
  9644 | D:8      | Reached skill level 9 in Spellcasting
  9776 | D:8      | Learned a level 3 spell: Tukima's Dance
 10093 | D:8      | Noticed a boulder beetle
 10098 | D:8      | Reached XP level 10. HP: 44/44 MP: 22/24
 10127 | D:8      | Noticed an entropy weaver
 10129 | D:8      | an entropy weaver changed into a shapeshifter
 10132 | D:8      | Reached skill level 10 in Spellcasting
 10262 | D:8      | Killed a boulder beetle
 10366 | D:8      | Reached * piety under Vehumet
 10366 | D:8      | Offered knowledge of Foxfire by Vehumet.
 10369 | D:8      | Learned a level 1 spell: Foxfire
 10740 | D:8      | Reached skill level 1 in Fire Magic
 10757 | D:8      | Found a staircase to the Lair.
 10767 | D:8      | Reached skill level 11 in Spellcasting
 11344 | D:8      | Killed an orange demon
 11345 | D:8      | Reached skill level 10 in Short Blades
 11462 | D:9      | Found a shimmering blue altar of Sif Muna.
 11531 | D:9      | Noticed Erolcha
 11557 | D:9      | Found an opulent altar of Gozag.
 11561 | D:9      | Found an iron altar of Okawaru.
 11570 | D:9      | Found a shadowy altar of Dithmenos.
 11570 | D:9      | Found a basalt altar of Yredelemnul.
 11573 | D:9      | Found a hazy altar of Hepliaklqana.
 11573 | D:9      | Found a blossoming altar of Fedhas.
 11573 | D:9      | Found a sparkling altar of Nemelex Xobeh.
 11722 | D:9      | Noticed Grum
 11765 | D:9      | Slain by Grum

Illustrated notes

Levels and vault maps discovered:
D:1:      eino_arrival_water_star, layout_loops_corners, hangedman_decor_push
D:2:      layout_basic, serial_shops, shop, minmay_hexomino_p4, uniq_jessica
D:3:      layout_basic
D:4:      minmay_polygon_palace, layout_cave_pools, kennysheep_cross_bottleneck,
          uniq_menkaure, uniq_natasha
D:5:      layout_loops_ring, kennysheep_mini, minmay_temple_entry_offerings,
          abandoned_shop, serial_library_regret_index_branch_corner,
          doesnt_shop_hydraphobe
D:6:      lemuel_slime, layout_gridville, mainiacjoe_overflow_paths
D:7:      layout_loops_ring, uniq_prince_ribbit1, uniq_jeremiah,
          uniq_crazy_yiuf_cottage
D:8:      layout_rooms, mainiacjoe_overflow_catwalk, erik_lair_dragon,
          minivault_1, minmay_shattered_shrine, uniq_amaemon
D:9:      layout_basic, tgw_xom, mainiacjoe_overflow_24_doors,
          grunt_temple_overflow_open, gammafunk_temple_overflow_elements,
          serial_shops, shop_statue, uniq_grum, uniq_erolcha
Temple:   hellmonk_temple_of_storms

Skill      XL: |  1  2  3  4  5  6  7  8  9 10 |
---------------+-------------------------------+-----
Stealth        | 5 6 7 8 10 | 10.0
Spellcasting   | 3 4 5 7 9 11 | 11.6
Hexes          | 4 |  4.0
Short Blades   | 2 3 4 6 8 10 | 10.0
Ice Magic      | 1 2 4 6 |  6.0
Fire Magic     | 3 |  3.1
Dodging        | |  2.6

Action                     |  1- 3 |  4- 6 |  7- 9 | 10-12 || total
---------------------------+-------+-------+-------+-------++-------
  Melee: Dagger            |    87 |   103 |   215 |    54 ||   459
         Punch             |       |       |     1 |       ||     1
  Throw: Dart              |       |       |     1 |       ||     1
   Cast: Ensorcelled Hiber |    35 |    24 |    89 |    45 ||   193
         Tukima's Dance    |       |       |    12 |     5 ||    17
  Evoke: Wand              |       |       |     5 |       ||     5
    Use: Scroll            |       |     4 |     5 |     2 ||    11
   Stab: Sleeping          |    36 |    23 |    65 |    17 ||   141
 Armour: Robe              |    25 |    18 |    15 |       ||    58
         Steam dragon scal |       |       |    24 |    19 ||    43
  Dodge: Dodged            |    42 |    36 |    90 |    31 ||   199
  Block: Other             |       |     7 |    16 |       ||    23
